 Dungeon Crawl Stone Soup version 0.28.0 (webtiles) character file.

Game seed: 10832753078068686956

112 Hasart the Cudgeller (level 4, -2/38 HPs)
             Began as a Demigod Fighter on Feb 10, 2022.
             Succumbed to an orc's poison
             ... on level 3 of the Dungeon.
             The game lasted 00:03:25 (2635 turns).

Hasart the Cudgeller (Demigod Fighter)              Turns: 2635, Time: 00:03:26

Health: -2/38      AC: 11    Str: 17    XL:     4   Next: 37%
Magic:  6/6        EV:  4    Int: 10    God:
Gold:   48         SH: 10    Dex: 17    Spells: 3/3 levels left

rFire   + . .      SeeInvis .   a - +0 flail
rCold   . . .      Faith    .   c - +0 buckler
rNeg    . . .      Spirit   .   i - +0 plate armour
rPois   .          Reflect  +   (no helmet)
rElec   .          Harm     .   (no cloak)
rCorr   .          Rampage  .   (no gloves)
Will    .....                   (no boots)
Stlth   ..........              f - amulet of reflection
HPRegen 0.12/turn               m - ring of protection from fire
MPRegen 0.10/turn               o - ring of flight

@: lethally poisoned (-2 -> -19), attractive, flying
A: high MP 1, forlorn, divine attributes
a: no special abilities


You were on level 3 of the Dungeon.
You visited 1 branch of the dungeon, and saw 3 of its levels.

You collected 48 gold pieces.

Inventory:

Hand Weapons
 a - a +0 flail (weapon)
Missiles
 j - 2 javelins
 k - a boomerang (quivered)
Armour
 c - a +0 buckler (worn)
 i - a +0 plate armour (worn)
Jewellery
 f - an amulet of reflection (around neck)
 m - a ring of protection from fire (left hand)
 o - a ring of flight (right hand)
Wands
 q - a wand of charming (8)
Scrolls
 b - a scroll of teleportation {unknown}
 e - a scroll of noise {unknown}
 g - 2 scrolls of identify {unknown}
 h - a scroll of magic mapping {unknown}
 r - a scroll of fear {unknown}
Potions
 d - 2 potions of might
 l - a potion of brilliance {unknown}
 p - a potion of attraction


   Skills:
 + Level 3.5 Fighting
 * Level 3.7 Maces & Flails
 + Level 0.3 Throwing
 - Level 2.6 Armour
 - Level 2.6 Shields


You had 3 spell levels left.
You didn't know any spells.
Your spell library contained the following spells:

 Spells                   Type           Power      Damage    Failure   Level
 Sting                    Tmut/Pois      0%         1d3       100%        1
 Poisonous Vapours        Pois/Air       0%         N/A       100%        2
 Olgreb's Toxic Radiance  Pois           0%         N/A       100%        4


Dungeon Overview and Level Annotations

Branches:
Dungeon (3/15)

Shops:
D:2 [


Innate Abilities, Weirdness & Mutations

You have an increased reservoir of magic. (+10% MP)
You shall have no god before yourself.
Your divine heritage dramatically boosts your attributes as you level up.


Message History

You feel very sick. You block the orc's attack.
You block the frilled lizard's attack.
The orc hits you with a +0 dagger of venom.
* * * LOW HITPOINT WARNING * * *
You are more poisoned.
The frilled lizard bites you but does no damage.
It was a potion of attraction.
You feel attractive to monsters.
* * * LOW HITPOINT WARNING * * *
You feel very sick.
The frilled lizard bites you but does no damage.
You block the orc's attack.
Unknown command.
It was a potion of ambrosia.
You are confused.
You feel invigorated.
* * * LOW HITPOINT WARNING * * *
You feel very sick.
The frilled lizard bites you but does no damage.
The orc completely misses you.
* * * LOW HITPOINT WARNING * * *
You feel very sick. The orc hits you but does no damage.
You are more poisoned.
The frilled lizard barely misses you.
Unknown command.
You closely miss the frilled lizard.
* * * LOW HITPOINT WARNING * * *
You feel extremely sick. The orc hits you but does no damage.
You are more poisoned.
The frilled lizard bites you but does no damage.
You closely miss the frilled lizard.
You feel less invigorated.
You feel less confused.
* * * LOW HITPOINT WARNING * * *
You feel extremely sick. You block the orc's attack.
You block the frilled lizard's attack.
You thump the frilled lizard!
You kill the frilled lizard!
You die...

#### .... #### # #..
.....#################
......o@.............##
##..$###†###########..##
#. #.# #...... ...
####... #.... #...
#..$.$ #... #...... ##'#
#...#### ####.# #.....


You could see an orc.

Vanquished Creatures
  Jessica (D:2)
  3 adders
  A worm (D:2)
  A dart slug (D:2)
  4 orcs
  5 ball pythons
  2 endoplasms
  A giant cockroach (D:2)
  4 goblins
  7 hobgoblins
  4 jackals (D:1)
  3 bats
  A frilled lizard (D:3)
  5 kobolds
  6 rats
48 creatures vanquished.

Notes
Turn   | Place    | Note
-------+----------+-------------------------------------------
     0 | D:1      | Hasart the Demigod Fighter began the quest for the Orb.
     0 | D:1      | Reached XP level 1. HP: 18/18 MP: 3/3
   209 | D:1      | Reached XP level 2. HP: 5/25 MP: 4/4
  1242 | D:2      | Found Keosch's Antique Armour Boutique.
  1378 | D:2      | Reached XP level 3. HP: 29/31 MP: 5/5
  1807 | D:2      | Noticed Jessica
  1817 | D:2      | Killed Jessica
  1818 | D:2      | Reached XP level 4. HP: 23/38 MP: 6/6
  2635 | D:3      | Succumbed to an orc's poison

Illustrated notes

Levels and vault maps discovered:
D:1:      dpeg_arrival_solitude, layout_basic, shapermc_ecumenical_altar_gd,
          columned_hall_lemuel
D:2:      layout_rooms, serial_shops, shop, basic_altar, minmay_octomino_j4,
          uniq_jessica
D:3:      layout_basic, grunt_gozag_breadcrumbs,
          mainiacjoe_overflow_catch_the_wave, lemuel_tele_altar,
          gammafunk_ghost_split, minmay_divided_ellipse

Skill      XL: |  1  2  3 |
---------------+----------+-----
Maces & Flails | 2 3 |  3.7
Fighting       | 3 |  3.5
Throwing       | |  0.3
Armour         | |  2.6
Shields        | |  2.6

Action                   |  1- 3 |  4- 6 || total
-------------------------+-------+-------++-------
Melee: Flail             |   132 |    48 ||   180
  Use: Potion            |       |     2 ||     2
Armor: Scale mail        |    23 |       ||    23
       Plate armour      |    58 |    33 ||    91
Dodge: Dodged            |    32 |     7 ||    39
Block: Buckler           |    80 |    30 ||   110
       Reflection        |       |     1 ||     1
